 Dungeon Crawl Stone Soup version 0.26.1-10-gdfb7c7de75 (webtiles) character file.

Game seed: 7678546419391991570

114 GenialerGandalf the Skirmisher (level 4, -2/41 HPs)
             Began as a Hill Orc Fighter on Apr 3, 2021.
             Slain by a gnoll
             ... wielding a cursed +0 halberd
              (11 damage)
             ... on level 3 of the Dungeon.
             The game lasted 00:07:43 (2196 turns).

GenialerGandalf the Skirmisher (Hill Orc Fighter)   Turns: 2196, Time: 00:07:43

Health: -2/41      AC:  9    Str: 19    XL:     4   Next: 98%
Magic:  4/4        EV:  7    Int:  8    God:
Gold:   57         SH:  9    Dex: 10    Spells: 3/3 levels left

rFire    . . .     SeeInvis .   a - +0 war axe
rCold    . . .     Faith    .   c - +0 kite shield
rNeg     . . .     Spirit   .   b - +0 scale mail
rPois    .         Reflect  .   j - +0 helmet
rElec    .         Harm     .   (no cloak)
rCorr    .         Rampage  .   (no gloves)
Will     .....                  g - +0 pair of boots
Stlth    ..........             (no amulet)
HPRegen  0.13/turn              (no ring)
MPRegen  0.09/turn              (no ring)

@: no status effects
A: no striking features
a: no special abilities


You were on level 3 of the Dungeon.
You visited 1 branch of the dungeon, and saw 3 of its levels.

You collected 57 gold pieces.

Inventory:

Hand Weapons
 a - a +0 war axe (weapon)
Missiles
 h - 75 arrows
 k - 52 stones (quivered)
 m - 4 atropa-tipped darts
 p - 5 boomerangs of dispersal
 q - 10 bolts
 u - 9 poisoned darts
Armour
 b - a +0 scale mail (worn)
 c - a +0 kite shield (worn)
 g - a +0 pair of boots (worn)
 j - a +0 helmet (worn)
Jewellery
 t - an uncursed amulet of faith {unknown}
Scrolls
 e - a scroll of amnesia {unknown}
 f - 3 scrolls of remove curse {unknown}
 i - a scroll of enchant armour {unknown}
 l - 2 scrolls of identify {unknown}
 n - a scroll of magic mapping {unknown}
 o - a scroll of teleportation {unknown}
 s - a scroll of fog {unknown}
Potions
 d - a potion of might
 r - a potion of degeneration {unknown}


   Skills:
 + Level 4.7 Fighting
 + Level 4.7 Axes
 + Level 3.7 Armour
 + Level 3.7 Shields


You had 3 spell levels left.
You didn't know any spells.
Your spell library was empty.

Dungeon Overview and Level Annotations

Branches:
Dungeon (3/15)

Altars:


Message History

The gnoll barely misses you. The leopard gecko bites you.
The gnoll hits you from afar with a cursed +0 halberd.
You barely miss the leopard gecko.
The leopard gecko is severely wounded.
The leopard gecko bites you but does no damage.
The gnoll hits you but does no damage. The gnoll barely misses you.
You miss the leopard gecko.
The leopard gecko is severely wounded.
The leopard gecko bites you.
The gnoll hits you from afar with a +0 spear.
The gnoll hits you from afar with a cursed +0 halberd.
* * * LOW HITPOINT WARNING * * *
The leopard gecko barely misses you.
A kobold comes into view. It is wielding a +0 short sword.
The gnoll barely misses you.
A bat comes into view.
The leopard gecko bites you.
* * * LOW HITPOINT WARNING * * *
The gnoll hits you from afar with a cursed +0 halberd!
You die...

#.# #.# ###########.#
#......##...# #.####.#..########
#.###.####...........#
#....#.........##......
##.#####...###.##.## ########..#
#@......... #........##
#.l.###.#.. #<######.# #..g## #
##.######.######...g##.#
.......).......K....†..#..#######
##.#####..##........#.......<.$g.
#.# #..##.###.##.#.##.b######.
#.## #..##.# #.##.# ## .# #..#
#..# .# #.##.#


You could see 2 gnolls, a leopard gecko and a kobold.

Vanquished Creatures
  Terence (D:2)
  A gnoll (D:3)
  3 adders (D:2)
  An ooze (D:1)
  A dart slug (D:2)
  A leopard gecko (D:1)
  An orc (D:3)
  6 bats
  3 giant cockroaches
  6 goblins
  4 hobgoblins
  4 jackals (D:2)
  4 kobolds
  A quokka (D:2)
  6 frilled lizards
  3 rats
46 creatures vanquished.

Notes
Turn   | Place    | Note
-------+----------+-------------------------------------------
     0 | D:1      | GenialerGandalf the Hill Orc Fighter began the quest for
                  | the Orb.
     0 | D:1      | Reached XP level 1. HP: 19/19 MP: 1/1
    67 | D:1      | Reached XP level 2. HP: 23/27 MP: 2/2
   910 | D:2      | Noticed Terence
   921 | D:2      | Killed Terence
   922 | D:2      | Reached XP level 3. HP: 26/34 MP: 3/3
   928 | D:2      | Reached XP level 4. HP: 26/41 MP: 4/4
  2196 | D:3      | Slain by a gnoll

Illustrated notes

Levels and vault maps discovered:
D:1:      scummos_arrival_hexagon, layout_loops_ring
D:2:      layout_basic, uniq_terence
D:3:      layout_loops_ring, chequers_ecumenical_altar_simple,
          minmay_misc_feat_five

Skill      XL: |  1  2  3  4 |
---------------+-------------+-----
Fighting       | 4 |  4.7
Axes           | 3 4 |  4.7
Armour         | |  3.7
Shields        | |  3.7

Action                   |  1- 3 |  4- 6 || total
-------------------------+-------+-------++-------
Melee: War axe           |    43 |    91 ||   134
Armor: Scale mail        |    19 |    61 ||    80
Dodge: Dodged            |    10 |    46 ||    56
Block: Kite shield       |    18 |    72 ||    90
